 Dungeon Crawl Stone Soup version 0.22-a0-283-g1871b15 (webtiles) character file.

26 mhoghedin the Gusty (level 3, -3/19 HPs)
             Began as a Tengu Air Elementalist on Mar 18, 2018.
             Slain by Sigmund
             ... wielding a +0 scythe
              (7 damage)
             ... on level 2 of the Dungeon.
             The game lasted 00:03:21 (1529 turns).

mhoghedin the Gusty (Tengu Air Elementalist)        Turns: 1529, Time: 00:03:22

Health: -3/19      AC:  2    Str:  8    XL:     3   Next: 8%
Magic:  7/7        EV: 12    Int: 16    God:
Gold:   34         SH:  0    Dex: 14    Spells: 0/6 levels left

rFire    . . .     SeeInvis .   b - +0 club
rCold    . . .     Gourm    .   (no shield)
rNeg     . . .     Faith    .   a - +0 robe
rPois    .         Spirit   .   (helmet restricted)
rElec    .         Reflect  .   (no cloak)
rCorr    .         Harm     .   (no gloves)
MR       .....                  (boots unavailable)
Stlth    +.........             (no amulet)
HPRegen  0.46/turn              (no ring)
MPRegen  0.10/turn              (no ring)

@: confused
A: beak, talons 3, blurry vision 1, regeneration 1
a: no special abilities


You were on level 2 of the Dungeon.
You were not hungry.

You visited 1 branch of the dungeon, and saw 2 of its levels.

You collected 34 gold pieces.

Inventory:

Hand Weapons
 b - a +0 club (weapon)
   (You took it off a hobgoblin on level 1 of the Dungeon)
Armour
 a - a +0 robe (worn)
Scrolls
 f - 3 scrolls of identify {unknown}
 g - a scroll of magic mapping {unknown}
Potions
 d - a potion of mutation {!q}
 e - a potion of flight {unknown}
 h - 2 potions of magic {unknown}
Comestibles
 c - 2 rations


   Skills:
 - Level 2.1 Dodging
 - Level 2.0 Stealth
 - Level 2.0 Spellcasting
 + Level 2.9 Conjurations
 + Level 4.8 Air Magic


You couldn't memorise any spells.
You knew the following spells:

 Your Spells              Type           Power        Failure   Level  Hunger
a - Shock                 Conj/Air       ##..         4%          1    #......
b - Static Discharge      Conj/Air       ##......     12%         3    ###....
s - Swiftness             Chrm/Air       #.......     12%         2    ###....


Dungeon Overview and Level Annotations

Branches:
Dungeon (2/15)

Altars:

Annotations:
D:2 Sigmund


Innate Abilities, Weirdness & Mutations

You have a beak for a mouth.
You have claws for feet.
Scrolls take you a little longer to read.
Your natural rate of healing is unusually fast.


Message History

You now have 6/7 mp.
f - 3 scrolls labeled JOSUMM DEITWOZ (gained 1)
A rat and Sigmund come into view.
What are your orders? t - Shout!
Orders for allies: a - Attack new target. r - Retreat! s - Stop attacking. g - Guard the area. f - Follow me.
Anything else - Cancel.
You shout for attention!
A frilled lizard comes into view.
MP restored: 7 Sigmund points at you and mumbles some strange words.
The puff of flame hits you!
You take 8 damage, and have 11/19 hp.
MASSIVE DAMAGE!!
Sigmund laughs darkly.
You miscast Shock.
You are very lightly contaminated with residual magic.
Nothing appears to happen.
Sigmund casts a spell.
Sigmund flickers and vanishes!
Deactivating autopickup; reactivate with Ctrl-A.
You now have 6/7 mp.
You can't see any susceptible monsters within range! (Use Z to cast anyway.)
You don't know that spell.
You aren't carrying any items that you can evoke.
Okay, then.
Unknown command.
Unknown command.
A magic dart appears from out of thin air!
The magic dart hits you!
* * * LOW HITPOINT WARNING * * *
You take 7 damage, and have 5/19 hp.
MASSIVE DAMAGE!!
There is a stone staircase leading up here.
You climb upwards.
There is a stone staircase leading down here.
You start resting.
Your magical contamination has completely faded away.
MP restored: 7 You start resting.
All of the chunks of flesh in your inventory have rotted away.
You are feeling hungry.
You regained 6 hp, and now have 12/19 hp.
You start resting.
Health restored: 19 You eat one of the 3 rations.
That ration really hit the spot!
Memorise Swiftness, consuming 2 spell levels and leaving 3?
You start memorising the spell.
You continue memorising. x2
You finish memorising.
Spell assigned to 's'.
Memorise Static Discharge, consuming 3 spell levels and leaving 0?
You start memorising the spell.
You continue memorising. x3
You finish memorising.
Spell assigned to 'b'.
Unknown command.
There is an open door here.
There is a stone staircase leading down here.
You climb downwards.
Level annotation: Sigmund
There is a stone staircase leading up here.
A giant cockroach comes into view.
A giant cockroach is nearby!
A hobgoblin comes into view. It is wielding a club.
The hobgoblin shouts!
The giant cockroach moves out of view.
That beam is likely to hit you.
Continue anyway?
Okay, then.
Unknown command.
The zap hits the hobgoblin.
You kill the hobgoblin!
You now have 6/7 mp.
A frilled lizard is nearby!
MP restored: 7 The frilled lizard closely misses you.
You hit the frilled lizard but do no damage.
The frilled lizard barely misses you.
You hit the frilled lizard.
You kill the frilled lizard!
Sigmund gestures wildly while chanting.
Sigmund flickers and vanishes!
No target in view!
No target in view!
No target in view!
No target in view!
You can't see any susceptible monsters within range! (Use Z to cast anyway.) That beam is likely to hit you.
Continue anyway?
Okay, then.
Unknown command.
Something hits you!
You take 9 damage, and have 10/19 hp.
MASSIVE DAMAGE!!
You are confused.
You bump into the rock wall.
Something hits you!
* * * LOW HITPOINT WARNING * * *
You take 7 damage, and have 3/19 hp.
MASSIVE DAMAGE!!
It was a potion of mutation.
You feel extremely strange.
Your vision blurs.
You begin to heal more quickly.
Something hits you!
You die...

#.......# #.###..###..#
#.......##..#
#.....#.##..#
#.....#..#..#####
#.....##.#.....).#
#.....#....#####.#
#....##..#.......# #.
..... #..@.####..# #.##
## #.###.#..# ..#.#...
..
#........####..#.#..#
#.
..###.##.......#.#..#
#. #$ #.....†##.#..# #.
#. #..##.###.#..# #. #.
##.##.# #.#..###.
####.###..#.###.#......
..........#.......####.


There were no monsters in sight!

Vanquished Creatures
  A leopard gecko (D:2)
  2 bats (D:1)
  A giant cockroach (D:1)
  A goblin (D:2)
  8 hobgoblins
  3 frilled lizards
  4 kobolds (D:1)
  2 rats (D:1)
22 creatures vanquished.

Notes
Turn   | Place    | Note
-------+----------+-------------------------------------------
     0 | D:1      | mhoghedin the Tengu Air Elementalist began the quest for the Orb.
     0 | D:1      | Reached XP level 1. HP: 10/10 MP: 4/4
   183 | D:1      | Reached skill level 2 in Conjurations
   183 | D:1      | Reached XP level 2. HP: 11/15 MP: 3/6
  1160 | D:2      | Reached XP level 3. HP: 19/19 MP: 5/7
  1192 | D:2      | Noticed Sigmund
  1441 | D:1      | Learned a level 2 spell: Swiftness
  1445 | D:1      | Learned a level 3 spell: Static Discharge
  1528 | D:2      | HP: 3/19 [something (7)]
  1529 | D:2      | Gained mutation: Scrolls take you a little longer to read. [potion of mutation]
  1529 | D:2      | Gained mutation: Your natural rate of healing is unusually fast. [potion of mutation]
  1529 | D:2      | Slain by Sigmund

Vault maps used:
D:1:      scummos_arrival_hexagon
D:2:      uniq_jessica, uniq_sigmund

Skill      XL: |  1 |
---------------+----+-----
Conjurations   | 2 |  2.9
Dodging        | |  2.1
Stealth        | |  2.0
Spellcasting   | |  2.0
Air Magic      | |  4.8

Action                   || total
-------------------------++-------
Melee: Club              ||    18
       Kick              ||     8
       Peck              ||     2
       Unarmed           ||     1
 Cast: Shock             ||    18
  Use: Potion            ||     1
  Eat: Chunk             ||     1
       Ration            ||     1
Dodge: Dodged            ||    28

Table legend:
 A = Spawn XP
 B = Non-spawn XP
 C = Spawn XP percentage of total XP
 D = Spawn monster count
 E = Non-spawn monster count
 F = Spawn count percentage of total count
 G = Total turns spent on level
                    A         B        C        D         E        F      G
               +---------+---------+-------+---------+---------+-------+---------
         Total |       0 |      38 |   0.0 |       0 |      22 |   0.0 |  1529
               +---------+---------+-------+---------+---------+-------+---------
           D:1 |       0 |      29 |   0.0 |       0 |      17 |   0.0 |  1293
           D:2 |       0 |       9 |   0.0 |       0 |       5 |   0.0 |   236
               +---------+---------+-------+---------+---------+-------+---------

Vault maps used:
D:1:      scummos_arrival_hexagon
D:2:      uniq_jessica, uniq_sigmund

Table legend:
 A = Turns spent in this place as a percentage of turns spent in the entire game.
 B = Non-inter-level travel turns spent in this place as a percentage of non-inter-level travel turns spent in the entire game.
 C = Inter-level travel turns spent in this place as a percentage of turns spent in this place.
 D = Turns resting spent in this place as a percentage of non-inter-level travel turns spent in this place.
 E = Turns spent auto-exploring this place as a percentage of non-inter-level travel turns spent in this place.
 F = Non-inter-level travel turns spent in this place divided by the number of levels of this place that you've seen.
                   A       B       C       D       E      F
               +-------+-------+-------+-------+-------+----------------------
         Total | 100.0 | 100.0 |   6.0 |  43.9 |  38.8 | 719.0
       Dungeon | 100.0 | 100.0 |   6.0 |  43.9 |  38.8 | 719.0
               +-------+-------+-------+-------+-------+----------------------

Table legend:
 A = Kills in this place as a percentage of kills in entire the game.
 B = Kills by you in this place as a percentage of kills by you in the entire game.
 C = Kills by friends in this place as a percentage of kills by friends in the entire game.
 D = Other kills in this place as a percentage of other kills in the entire game.
 E = Experience gained in this place as a percentage of experience gained in the entire game.
 F = Experience gained in this place divided by the number of levels of this place that you have seen.
                   A       B       C       D       E      F
               +-------+-------+-------+-------+-------+----------------------
         Total | 100.0 | 100.0 |   N/A |   N/A | 100.0 |  19.0
       Dungeon | 100.0 | 100.0 |   N/A |   N/A | 100.0 |  19.0
               +-------+-------+-------+-------+-------+----------------------
